 Dungeon Crawl Stone Soup version 0.19.1-1-g22dce08 (webtiles) character file.

774 dngmouse the Basher (level 7, -1/64 HPs)
             Began as a Minotaur Fighter on Jan 20, 2017.
             Was an Initiate of Okawaru.
             Killed by divine providence
             ... invoked by an orc priest
              (11 damage)
             ... on level 5 of the Dungeon.
             The game lasted 00:10:07 (3552 turns).

dngmouse the Basher (Minotaur Fighter)              Turns: 3552, Time: 00:10:09

Health: -1/64      AC:  6    Str: 21    XL:     7   Next: 53%
Magic:  6/6        EV:  7    Int:  5    God:    Okawaru [......]
Gold:   238        SH:  9    Dex: 11    Spells: 0 memorised, 6 levels left

rFire  . . .     SeeInvis +     a - +0 flail
rCold  . . .     Gourm    .     b - +0 scale mail
rNeg   . . .     Faith    +     c - +0 shield
rPois  .         Spirit   .     (helmet restricted)
rElec  .         Reflect  .     (no cloak)
rCorr  .         Harm     .     (no gloves)
MR     .....                    (no boots)
Stlth  ..........               v - amulet of faith
                                (no ring)
                                n - ring of see invisible

@: no status effects
A: retaliatory headbutt, hooves 1, horns 2, screaming 1, slow regeneration 1,
MP-powered wands
a: Renounce Religion


You were on level 5 of the Dungeon.
You worshipped Okawaru.
Okawaru was noncommittal.
You were not hungry.

You visited 2 branches of the dungeon, and saw 6 of its levels.

You collected 238 gold pieces.

Inventory:

Hand Weapons
 a - a +0 flail (weapon)
 o - a +2 hand axe of flaming
 A - a +3 war axe of electrocution
Armour
 b - a +0 scale mail (worn)
 c - a +0 shield (worn)
Jewellery
 n - a ring of see invisible (left hand)
 v - an amulet of faith (around neck)
Wands
 u - a wand of iceblast (11/15)
Scrolls
 i - 2 scrolls of amnesia {unknown}
 j - 4 scrolls of identify {unknown}
 l - 2 scrolls of recharging {unknown}
 r - a scroll of immolation {unknown}
 t - a scroll of noise {unknown}
 y - a scroll of teleportation {unknown}
Potions
 d - 3 potions of might
 e - 3 potions of curing
 h - a potion of flight
 k - a potion of mutation {unknown}
 m - a potion of magic
 q - a potion of berserk rage
 x - a potion of agility {unknown}
 z - a potion of invisibility {unknown}
Comestibles
 f - 6 bread rations
 g - a chunk of flesh
 p - a beef jerky
 s - 3 fruits
 w - a slice of pizza


   Skills:
 + Level 6.9 Fighting
 * Level 8.6 Maces & Flails
 - Level 3.6 Armour
 - Level 3.6 Shields


You had 6 spell levels left.
You didn't know any spells.

Dungeon Overview and Level Annotations

Branches:
Dungeon (5/15)             Temple (1/1) D:4

Altars:
Hepliaklqana
Kikubaaqudgha
Okawaru
Trog
Xom
Yredelemnul


Innate Abilities, Weirdness & Mutations

You reflexively headbutt those who attack you in melee.
You have a pair of horns on your head.
You have large cloven feet.
You occasionally shout uncontrollably at your foes.
You regenerate slowly when monsters are visible.
You expend magic power (3 MP) to strengthen your wands.


Message History

The orc priest hits you but does no damage.
You hit the orc priest but do no damage.
You kick the orc priest, but do no damage.
Your headbutt misses the orc priest.
The orc priest is moderately wounded.
You block the orc priest's attack.
You hit the orc priest. You headbutt the orc priest.
The orc priest is heavily wounded.
The orc priest calls down the wrath of Beogh upon you.
Beogh smites you!
* * * LOW HITPOINT WARNING * * *
You are too injured to fight recklessly!
You are too injured to fight recklessly!
You barely miss the orc priest.
You kick the orc priest, but do no damage.
You headbutt the orc priest!
The orc priest is almost dead.
The orc priest invokes the aid of Beogh against you.
Beogh smites you!
You die...

### #..#
#.#.#
#####....#
......###
#.o...%..
#@# #)#
#(# #.#
#(# ###
#.# ..#
#.# #.#
#.# #.#
#.# #.#
#.# # #.#


You could see an orc priest.

Vanquished Creatures
  A sky beast (D:4)
  An ogre (D:4)
  A scorpion (D:5)
  A crimson imp (D:5)
  2 hounds (D:4)
  2 orc priests
  5 orc wizards
  An iguana (D:4)
  3 worker ants
  7 adders
  7 worms
  2 leopard geckos
  19 orcs
  3 ball pythons (D:1)
  7 bats
  5 giant cockroaches
  6 goblins
  4 hobgoblins
  2 jackals (D:1)
  3 kobolds
  5 quokkas
  5 frilled lizards
  2 leopard gecko skeletons (D:4)
  7 rats
101 creatures vanquished.

Notes
Turn   | Place    | Note
-------+----------+-------------------------------------------
     0 | D:1      | dngmouse the Minotaur Fighter began the quest for the Orb.
     0 | D:1      | Reached XP level 1. HP: 19/19 MP: 0/0
   185 | D:1      | Reached skill level 3 in Maces & Flails
   217 | D:1      | Reached XP level 2. HP: 27/27 MP: 1/1
   546 | D:2      | Reached XP level 3. HP: 26/33 MP: 2/2
   864 | D:2      | Reached skill level 4 in Maces & Flails
  1222 | D:3      | Reached XP level 4. HP: 35/41 MP: 3/3
  1566 | D:3      | Reached skill level 5 in Maces & Flails
  1573 | D:3      | Reached skill level 5 in Fighting
  1573 | D:3      | Reached XP level 5. HP: 22/48 MP: 4/4
  2296 | D:4      | Reached skill level 6 in Maces & Flails
  2538 | D:4      | Noticed a sky beast
  2549 | D:4      | Killed a sky beast
  2549 | D:4      | Reached XP level 6. HP: 47/57 MP: 5/5
  2554 | D:4      | Gained mutation: You have large cloven feet. [mutagenic meat]
  2555 | D:4      | Gained mutation: You occasionally shout uncontrollably at your foes. [mutagenic meat]
  2556 | D:4      | Gained mutation: You regenerate slowly when monsters are visible. [mutagenic meat]
  2557 | D:4      | Gained mutation: You expend magic power (3 MP) to strengthen your wands. [mutagenic meat]
  2700 | D:4      | Reached skill level 7 in Maces & Flails
  2884 | D:4      | Reached XP level 7. HP: 51/63 MP: 6/6
  3302 | D:4      | Found a staircase to the Ecumenical Temple.
  3306 | Temple   | Entered the Ecumenical Temple
  3353 | Temple   | Became a worshipper of Warmaster Okawaru
  3442 | D:5      | Entered Level 5 of the Dungeon
  3485 | D:5      | Reached skill level 8 in Maces & Flails
  3552 | D:5      | Killed from afar by an orc priest

Skill      XL: |  1  2  3  4  5  6  7 |
---------------+----------------------+-----
Maces & Flails | 3 4 5 6 7 8 |  8.6
Fighting       | 4 5 6 |  6.9
Armour         | |  3.6
Shields        | |  3.6

Action                   |  1- 3 |  4- 6 |  7- 9 || total
-------------------------+-------+-------+-------++-------
Melee: Flail             |    85 |   123 |    69 ||   277
       Headbutt          |    12 |    24 |    13 ||    49
       Kick              |       |    13 |    20 ||    33
  Use: Potion            |       |     6 |       ||     6
  Eat: Chunk             |     1 |    11 |     2 ||    14
Armor: Scale mail        |    39 |    22 |    11 ||    72
Dodge: Dodged            |    21 |    26 |    11 ||    58
Block: Shield            |    30 |    41 |    27 ||    98
